BSA
JERSEY SHORE D-BAGS @ NEW YORK KNIGHTS
09/26/2028
 
TOP OF THE 1ST
Jersey Shore D-Bags batting - Pitching for New York Knights : LHP Phil Davis
Pitching: LHP Phil Davis
Batting: RHB Ricardo González 0-0: Called Strike
0-1: Called Strike
0-2: Ball
1-2: Foul Ball, location: 2F
1-2: Ball
2-2: Ball
3-2: Fly out, F6 (Line Drive, 56)
Batting: RHB Millard Boyd 0-0: Foul Ball, location: 2F
0-1: Ball
1-1: DOUBLE (Flyball, 8LXD)
Batting: LHB Dave Dodd 0-0: Called Strike
0-1: SINGLE (Line Drive, 6MD)
Millard Boyd to third
Batting: RHB Miguel Serna 0-0: Ball
1-0: Swinging Strike
1-1: Foul Ball, location: 2F
1-2: Ball
2-2: Ball
3-2: Foul Ball, location: 2F
3-2: 3-RUN HOME RUN (Flyball, 78XD), Distance : 406 ft
Batting: RHB Ben Morton 0-0: Swinging Strike
0-1: Ball
1-1: Foul Ball, location: 2F
1-2: Ball
2-2: Ball
3-2: Base on Balls
Batting: LHB António Cedeño 0-0: Swinging Strike
0-1: Ball
1-1: Foul Ball, location: 2F
1-2: Grounds into double play, 4-6-3 (Groundball, 4)
Top of the 1st over - 3 run(s), 3 hit(s), 0 error(s), 0 left on base; Jersey Shore 3 - New York 0
BOTTOM OF THE 1ST
New York Knights batting - Pitching for Jersey Shore D-Bags : RHP Sergio Martínez
Pitching: RHP Sergio Martínez
Batting: LHB Dan Hamilton 0-0: Called Strike
0-1: Ball
1-1: Bunted foul
1-2: Ball
2-2: Ground out 5-3 (Groundball, 56)
Batting: RHB Pepe Carrasco 0-0: Foul Ball, location: 2F
0-1: Ball
1-1: Swinging Strike
1-2: Strikes out swinging
Batting: LHB Arthur Hall 0-0: Ground out 6-3 (Groundball, 6)
Bottom of the 1st over - 0 run(s), 0 hit(s), 0 error(s), 0 left on base; Jersey Shore 3 - New York 0
TOP OF THE 2ND
Jersey Shore D-Bags batting - Pitching for New York Knights : LHP Phil Davis
Batting: RHB Alonso Holguín 0-0: Called Strike
0-1: Swinging Strike
0-2: Ball
1-2: Foul Ball, location: 2F
1-2: Ground out 4-3 (Groundball, 4)
Batting: RHB Luis Ríos 0-0: Fly out, F4 (Popup, 4MD)
Batting: LHB Juan Hernández 0-0: DOUBLE (Groundball, 3L)
Batting: RHB Ricardo González 0-0: Called Strike
0-1: Called Strike
0-2: Foul Ball, location: 2F
0-2: Ball
1-2: SINGLE (Groundball, 34D)
Juan Hernández to third
Runner from 3rd tries for Home, throw and OUT!
Top of the 2nd over - 0 run(s), 2 hit(s), 0 error(s), 1 left on base; Jersey Shore 3 - New York 0
BOTTOM OF THE 2ND
New York Knights batting - Pitching for Jersey Shore D-Bags : RHP Sergio Martínez
Now in CF: Lowie van den Bogaert
Batting: RHB Vic Langlois 0-0: Ball
1-0: Fly out, F9 (Flyball, 9LM)
Batting: RHB Lonnie Anderson 0-0: Ball
1-0: Fly out, F7 (Flyball, 7D)
Batting: RHB Felipe Rodríguez 0-0: Ball
1-0: Ball
2-0: Fly out, F9 (Flyball, 9)
Bottom of the 2nd over - 0 run(s), 0 hit(s), 0 error(s), 0 left on base; Jersey Shore 3 - New York 0
TOP OF THE 3RD
Jersey Shore D-Bags batting - Pitching for New York Knights : LHP Phil Davis
Batting: RHB Millard Boyd 0-0: Called Strike
0-1: Fly out, F7 (Line Drive, 78S)
Batting: LHB Dave Dodd 0-0: Called Strike
0-1: Ball
1-1: Ball
2-1: Called Strike
2-2: Ball
3-2: SOLO HOME RUN (Flyball, 9LD), Distance : 329 ft
Batting: RHB Miguel Serna 0-0: Ball
1-0: Called Strike
1-1: Swinging Strike
1-2: Foul Ball, location: 2F
1-2: Ball
2-2: Ball
3-2: Strikes out swinging
Batting: RHB Ben Morton 0-0: Ball
1-0: SINGLE (Groundball, 4D)
Batting: LHB António Cedeño 0-0: Called Strike
0-1: Ball
1-1: Swinging Strike
1-2: Hit by Pitch
Ben Morton to second
Batting: RHB Alonso Holguín 0-0: Ball
1-0: SINGLE (Groundball, 34D)
Ben Morton to third
António Cedeño to second
Runner from 3rd tries for Home, SAFE, no throw
Batting: RHB Luis Ríos 0-0: Ball
1-0: Called Strike
1-1: Ball
2-1: Ball
3-1: Ground out 5-3 (Groundball, 56S)
Top of the 3rd over - 2 run(s), 3 hit(s), 0 error(s), 2 left on base; Jersey Shore 5 - New York 0
BOTTOM OF THE 3RD
New York Knights batting - Pitching for Jersey Shore D-Bags : RHP Sergio Martínez
Batting: RHB Ron Shelton 0-0: Called Strike
0-1: SINGLE (Line Drive, 34D)
Batting: LHB Mike Harris 0-0: Swinging Strike
0-1: Ball
1-1: Foul Ball, location: 2F
1-2: Grounds into double play, 4-6-3 (Groundball, 4)
Batting: RHB Jacob Pope 0-0: Fly out, F5 (Line Drive, 56)
Bottom of the 3rd over - 0 run(s), 1 hit(s), 0 error(s), 0 left on base; Jersey Shore 5 - New York 0
TOP OF THE 4TH
Jersey Shore D-Bags batting - Pitching for New York Knights : LHP Phil Davis
Batting: RHB Lowie van den Bogaert 0-0: Ball
1-0: Ball
2-0: Ground out 5-3 (Groundball, 56S)
Batting: RHB Ricardo González 0-0: Called Strike
0-1: Ball
1-1: Foul Ball, location: 2F
1-2: Fly out, F8 (Flyball, 8RM)
Batting: RHB Millard Boyd 0-0: Called Strike
0-1: Called Strike
0-2: Ball
1-2: Fly out, F7 (Line Drive, 78M)
Top of the 4th over - 0 run(s), 0 hit(s), 0 error(s), 0 left on base; Jersey Shore 5 - New York 0
BOTTOM OF THE 4TH
New York Knights batting - Pitching for Jersey Shore D-Bags : RHP Sergio Martínez
Batting: LHB Dan Hamilton 0-0: Ball
1-0: Foul Ball, location: 2F
1-1: Ball
2-1: Ball
3-1: SINGLE (Groundball, 6S) (infield hit)
Batting: RHB Pepe Carrasco 0-0: Ball
Dan Hamilton steals 2nd base
1-0: Called Strike
1-1: Ball
2-1: SINGLE (Line Drive, 9LS)
Dan Hamilton to third
Runner from 3rd tries for Home, SAFE, no throw
Batting: LHB Arthur Hall 0-0: Ground out 6-3 (Groundball, 6S)
Pepe Carrasco to second
Batting: RHB Vic Langlois 0-0: Called Strike
0-1: Foul Ball, location: 2F
0-2: Fly out, F9 (Flyball, 9LMF)
Batting: RHB Lonnie Anderson 0-0: Ball
1-0: Foul Ball, location: 2F
1-1: Ball
2-1: Foul Ball, location: 2F
2-2: Ball
3-2: Base on Balls
Batting: RHB Felipe Rodríguez 0-0: Ball
1-0: Ball
2-0: Foul Ball, location: 2F
2-1: Ball
3-1: Foul Ball, location: 2F
3-2: Foul Ball, location: 2F
3-2: Ground out 1-3 (Groundball, 15S)
Bottom of the 4th over - 1 run(s), 2 hit(s), 0 error(s), 2 left on base; Jersey Shore 5 - New York 1
TOP OF THE 5TH
Jersey Shore D-Bags batting - Pitching for New York Knights : LHP Phil Davis
Batting: LHB Dave Dodd 0-0: Ball
1-0: Ball
2-0: Ball
3-0: Foul Ball, location: 2F
3-1: DOUBLE (Line Drive, 78D)
Pitching: LHP Leo Huggins
Batting: RHB Miguel Serna 0-0: SINGLE (Groundball, 56) (infield hit)
Dave Dodd to third
Batting: RHB Ben Morton 0-0: Swinging Strike
0-1: 3-RUN HOME RUN (Line Drive, 7D), Distance : 386 ft
Batting: LHB António Cedeño 0-0: Ball
1-0: Called Strike
1-1: Called Strike
1-2: SINGLE (Flyball, 8LS)
Batting: RHB Alonso Holguín 0-0: Ball
1-0: Ball
2-0: SINGLE (Line Drive, 9S)
António Cedeño to second
Batting: RHB Luis Ríos 0-0: 3-RUN HOME RUN (Flyball, 7D), Distance : 385 ft
Pitching: RHP Tony Meyer
Batting: RHB Lowie van den Bogaert 0-0: Swinging Strike
0-1: Ball
1-1: Ball
2-1: Ball
3-1: Fly out, F9 (Flyball, 9)
Batting: RHB Ricardo González 0-0: Ball
1-0: Ball
2-0: Ball
3-0: Called Strike
3-1: Base on Balls
Batting: RHB Millard Boyd 0-0: Ball
1-0: Grounds into double play, 6-4-3 (Groundball, 6)
Top of the 5th over - 6 run(s), 6 hit(s), 0 error(s), 0 left on base; Jersey Shore 11 - New York 1
BOTTOM OF THE 5TH
New York Knights batting - Pitching for Jersey Shore D-Bags : RHP Sergio Martínez
Batting: RHB Ron Shelton 0-0: Ball
1-0: Called Strike
1-1: Foul Ball, location: 2F
1-2: Foul Ball, location: 2F
1-2: Foul Ball, location: 2F
1-2: Strikes out swinging
Batting: LHB Mike Harris 0-0: Called Strike
0-1: Ball
1-1: Called Strike
1-2: Foul Ball, location: 2F
1-2: Ground out U3 (Groundball, 3)
Batting: RHB Jacob Pope 0-0: Ball
1-0: Called Strike
1-1: Ball
2-1: SINGLE (Line Drive, 7S)
Batting: LHB Dan Hamilton 0-0: Ball
1-0: Ball
2-0: Ball
Jacob Pope steals 2nd base
3-0: Base on Balls
Batting: RHB Pepe Carrasco 0-0: Swinging Strike
0-1: Ground out 5-3 (Groundball, 56S)
Bottom of the 5th over - 0 run(s), 1 hit(s), 0 error(s), 2 left on base; Jersey Shore 11 - New York 1
TOP OF THE 6TH
Jersey Shore D-Bags batting - Pitching for New York Knights : RHP Tony Meyer
Batting: LHB Dave Dodd 0-0: Ball
1-0: Foul Ball, location: 2F
1-1: SINGLE (Flyball, 7LS)
Batting: RHB Miguel Serna 0-0: Fly out, F4 (Popup, 4)
Batting: RHB Ben Morton 0-0: Called Strike
0-1: Ball
1-1: Ball
2-1: Called Strike
2-2: Foul Ball, location: 2F
2-2: Ground out 4-3 (Groundball, 4S)
Dave Dodd to second
Batting: LHB António Cedeño 0-0: Ball
1-0: Ball
2-0: Swinging Strike
2-1: Fly out, F8 (Flyball, 8LM)
Top of the 6th over - 0 run(s), 1 hit(s), 0 error(s), 1 left on base; Jersey Shore 11 - New York 1
BOTTOM OF THE 6TH
New York Knights batting - Pitching for Jersey Shore D-Bags : RHP Sergio Martínez
Batting: LHB Arthur Hall 0-0: Fly out, F8 (Flyball, 89D)
Batting: RHB Vic Langlois 0-0: Ball
1-0: Called Strike
1-1: SINGLE (Line Drive, 4D)
Batting: RHB Lonnie Anderson 0-0: Foul Ball, location: 2F
0-1: Called Strike
0-2: Ball
Vic Langlois steals 2nd base
1-2: Foul Ball, location: 2F
1-2: Foul Ball, location: 2F
1-2: Ball
2-2: Ground out 1-3 (Groundball, 15)
Batting: RHB Felipe Rodríguez 0-0: Ball
1-0: Foul Ball, location: 2F
1-1: Called Strike
1-2: Ground out 6-3 (Groundball, 6S)
Bottom of the 6th over - 0 run(s), 1 hit(s), 0 error(s), 1 left on base; Jersey Shore 11 - New York 1
TOP OF THE 7TH
Jersey Shore D-Bags batting - Pitching for New York Knights : RHP Tony Meyer
Pinch Hitting: LHB Albert Morgan 0-0: Ball
1-0: Ball
2-0: Foul Ball, location: 2F
2-1: Ball
3-1: Foul Ball, location: 2F
3-2: Ground out 1-3 (Groundball, 13S)
Pitching: LHP Steven England
Batting: RHB Luis Ríos 0-0: Called Strike
0-1: Foul Ball, location: 2F
0-2: Ball
1-2: Ball
2-2: Ball
3-2: DOUBLE (Line Drive, 8LXD) - OUT at third base trying to stretch hit.
Batting: RHB Lowie van den Bogaert 0-0: Ball
1-0: Ball
2-0: Ball
3-0: Called Strike
3-1: Ground out 5-3 (Groundball, 56)
Top of the 7th over - 0 run(s), 1 hit(s), 0 error(s), 0 left on base; Jersey Shore 11 - New York 1
BOTTOM OF THE 7TH
New York Knights batting - Pitching for Jersey Shore D-Bags : RHP Sergio Martínez
Now at 1B: Marcos Villarreal
Now in RF: Albert Morgan
Batting: RHB Ron Shelton 0-0: Ball
1-0: Called Strike
1-1: Ground out 3-1 (Groundball, 34S)
Batting: LHB Mike Harris 0-0: Called Strike
0-1: Called Strike
0-2: Ground out 3-1 (Groundball, 34)
Batting: RHB Jacob Pope 0-0: Ball
1-0: Ball
2-0: Ground out 6-3 (Groundball, 6)
Bottom of the 7th over - 0 run(s), 0 hit(s), 0 error(s), 0 left on base; Jersey Shore 11 - New York 1
TOP OF THE 8TH
Jersey Shore D-Bags batting - Pitching for New York Knights : LHP Steven England
Batting: RHB Ricardo González 0-0: Called Strike
0-1: Ball
1-1: Called Strike
1-2: Ball
2-2: Ground out 4-3 (Groundball, 4)
Batting: RHB Millard Boyd 0-0: Called Strike
0-1: Ball
1-1: Ball
2-1: Foul Ball, location: 2F
2-2: Ball
3-2: Foul Ball, location: 2F
3-2: Base on Balls
Pitching: RHP Steve Poe
Batting: LHB Dave Dodd 0-0: Ball
1-0: Fly out, F8 (Flyball, 8LD)
Pinch Hitting: RHB Javier Deleón 0-0: Ball
Millard Boyd is caught stealing 2nd base
Top of the 8th over - 0 run(s), 0 hit(s), 0 error(s), 0 left on base; Jersey Shore 11 - New York 1
BOTTOM OF THE 8TH
New York Knights batting - Pitching for Jersey Shore D-Bags : RHP Sergio Martínez
Pitching: LHP Hyo-chin Kim
Now at 2B: Javier Deleón
Batting: LHB Dan Hamilton 0-0: Ball
1-0: Fly out, F8 (Line Drive, 8RD)
Batting: RHB Pepe Carrasco 0-0: Ball
1-0: Ball
2-0: Ball
3-0: Base on Balls
Batting: LHB Arthur Hall 0-0: Called Strike
0-1: Called Strike
0-2: Ball
1-2: Ball
2-2: Ball
3-2: Strikes out swinging
Batting: RHB Vic Langlois 0-0: Called Strike
0-1: Swinging Strike
0-2: Strikes out looking
Bottom of the 8th over - 0 run(s), 0 hit(s), 0 error(s), 1 left on base; Jersey Shore 11 - New York 1
TOP OF THE 9TH
Jersey Shore D-Bags batting - Pitching for New York Knights : RHP Steve Poe
Batting: RHB Javier Deleón 0-0: Swinging Strike
0-1: Called Strike
0-2: Foul Ball, location: 2F
0-2: Ball
1-2: Foul Ball, location: 2F
1-2: Foul Ball, location: 2F
1-2: Ball
2-2: DOUBLE (Line Drive, 9D)
Batting: RHB Ben Morton 0-0: Called Strike
0-1: Ball
1-1: Ball
2-1: Ground out 5-3 (Groundball, 56)
Pitching: RHP James Jones
Batting: LHB Marcos Villarreal 0-0: Ball
1-0: Foul Ball, location: 2F
1-1: Foul Ball, location: 2F
1-2: Ball
2-2: Ball
3-2: Foul Ball, location: 2F
3-2: SINGLE (Line Drive, 4MD)
Javier Deleón to third
Runner from 3rd tries for Home, SAFE, throw made home
Batting: LHB Albert Morgan 0-0: Fielders Choice at 2nd, 4-6 (Groundball, 4)
Batting: RHB Luis Ríos 0-0: Foul Ball, location: 2F
0-1: Reached on error, E5 (Groundball, 5)
Albert Morgan to second
Batting: RHB Lowie van den Bogaert 0-0: SINGLE (Groundball, 6D)
Albert Morgan to third
Luis Ríos to second
Runner from 3rd tries for Home, SAFE, no throw
Batting: RHB Ricardo González 0-0: Called Strike
0-1: Fly out, F8 (Line Drive, 78D)
Top of the 9th over - 2 run(s), 3 hit(s), 1 error(s), 2 left on base; Jersey Shore 13 - New York 1
BOTTOM OF THE 9TH
New York Knights batting - Pitching for Jersey Shore D-Bags : LHP Hyo-chin Kim
Batting: RHB Lonnie Anderson 0-0: Foul Ball, location: 2F
0-1: Ball
1-1: SINGLE (Line Drive, 9LS)
Pinch Hitting: RHB Xavier Feliciano 0-0: Ball
1-0: Grounds into double play, 4-6-3 (Groundball, 4)
Batting: RHB Ron Shelton 0-0: Ball
1-0: Ball
2-0: Foul Ball, location: 2F
2-1: Foul Ball, location: 2F
2-2: Ball
3-2: Foul Ball, location: 2F
3-2: Base on Balls
Batting: LHB Mike Harris 0-0: Foul Ball, location: 2F
0-1: Ball
1-1: SINGLE (Groundball, 4MD)
Ron Shelton to second
Batting: RHB Jacob Pope 0-0: Ball
1-0: Ball
2-0: Ball
3-0: Called Strike
3-1: DOUBLE (Line Drive, 7LM)
Ron Shelton scores
Mike Harris to third
Runner from 3rd tries for Home, SAFE, no throw
Batting: LHB Dan Hamilton 0-0: Ground out 4-3 (Groundball, 4)
Bottom of the 9th over - 2 run(s), 3 hit(s), 0 error(s), 1 left on base; Jersey Shore 13 - New York 3
Tuesday, August 8th, 2017 - OOTP Baseball 17.12 Build 75